Blackhawks vs Devils
(R1)
Created - November 15, 2017 at 23:32
Goals
|
Blackhawks |
0 |
4 |
2 |
6 |
Devils |
1 |
0 |
2 |
3 |
|
Shots
|
Blackhawks |
4 |
14 |
14 |
32 |
Devils |
4 |
11 |
12 |
27 |
|
1st period
1. Devils , Matt Duchene 4 (Steve Downie 7, Tyler Cuma 8) at 5:14
Penalties :
Mike Green (Chi) for Roughing (Minor) at 5:17, Kyle Cumiskey (NJD) for Tripping (Minor) at 15:23
2nd period
2. Blackhawks , Jarome Iginla 3 (Ryan Johansen 4) at 4:00 (PP)
3. Blackhawks , Jarome Iginla 4 (Tomas Fleischmann 2, Jimmy Howard) at 10:37 (PP)
4. Blackhawks , Peter Regin 4 (Joni Pitkanen 3, Mike Green 7) at 13:12 (PP)
5. Blackhawks , Chad Larose 3 (Dave Tanabe 3) at 14:55
Penalties :
Kyle Cumiskey (NJD) for Holding (Minor) at 3:59, Matt Duchene (NJD) for Tripping (Minor) at 8:40, Steve Downie (NJD) for Interference (Minor) at 13:03, Shea Weber (NJD) for Tripping (Minor) at 14:58, Ted Purcell (NJD) for Hooking (Minor) at 19:39
3rd period
6. Devils , Ilya Kovalchuk 13 (Ryan Whitney 6, Matt Duchene 11) at 0:38 (SH)
7. Blackhawks , Tomas Fleischmann 4 (Ryan Johansen 5) at 9:51 (PP)
8. Devils , Jonathan Toews 4 (Tyler Cuma 9, Ilya Kovalchuk 6) at 16:38 (PP)
9. Blackhawks , Ladislav Smid 1 (Denis Grebeshkov 5, Patrick Kane 7) at 18:48 (PP)
Penalties :
Tyler Cuma (NJD) for Hooking (Minor) at 9:16, Ladislav Smid (Chi) for Holding (Minor) at 11:28, Joni Pitkanen (Chi) for Tripping (Minor) at 14:44, Ted Purcell (NJD) for Hooking (Minor) at 18:01
Goalie Stats
Jimmy Howard (Chi), 24 saves from 27 shots - (0.889), W, 3-7-4, 60:00 minutes
Cam Ward (NJD), 13 saves from 15 shots - (0.867), 25:05 minutes
James Reimer (NJD), 13 saves from 17 shots - (0.765), L, 5-4-0, 34:55 minutes
Players Stats for Blackhawks
Player Name G A P +/- PIM S H SB GA TA FO MP PP MP PK MP
------------------------------------------------------------------------------------
Antoine Roussel 0 0 0 -1 0 2 3 2 0 0 0/0 21:47 5:03 0:53
Artur Gavrus 0 0 0 0 0 0 1 0 0 0 2/3 6:55 0:00 0:00
Chad Larose 1 0 1 1 0 2 1 1 0 0 1/1 11:17 0:09 0:00
Dalton Prout 0 0 0 1 0 0 2 2 0 1 0/0 14:35 0:00 3:04
Dave Tanabe 0 1 1 1 0 0 0 0 0 0 0/0 12:27 0:00 1:51
Denis Grebeshkov 0 1 1 -1 0 0 2 3 0 1 0/0 20:49 3:16 1:49
Jaden Schwartz 0 0 0 0 0 2 1 1 0 0 1/1 8:32 0:00 1:43
Jarome Iginla 2 0 2 -1 0 3 2 0 0 0 0/1 18:21 4:14 3:11
Joni Pitkanen 0 1 1 -1 2 3 2 1 1 0 0/0 25:44 6:10 2:06
Kyle Brodziak 0 0 0 1 0 0 0 0 0 0 3/4 10:56 0:00 0:16
Ladislav Smid 1 0 1 -1 2 1 1 0 0 0 0/0 19:53 3:16 0:39
Mike Green 0 1 1 -1 2 3 0 2 2 0 0/0 26:24 6:10 2:15
Patrick Kane 0 1 1 -1 0 4 2 0 0 0 4/4 23:38 5:03 2:08
Peter Regin 1 0 1 -1 0 4 1 1 0 0 10/24 21:47 5:03 0:53
Ryan Johansen 0 2 2 -1 0 2 2 1 0 1 9/20 15:43 4:14 0:54
Taylor Pyatt 0 0 0 1 0 1 2 1 0 1 0/0 11:23 0:09 0:05
Tomas Fleischmann 1 1 2 -1 0 4 1 0 0 0 0/0 14:52 4:14 0:00
Tyler Kennedy 0 0 0 0 0 1 0 0 0 0 2/2 9:02 0:09 1:41
Players Stats for Devils
Player Name G A P +/- PIM S H SB GA TA FO MP PP MP PK MP
------------------------------------------------------------------------------------
Adam Larsson 0 0 0 -1 0 0 2 0 0 0 0/0 17:29 2:40 0:53
Adam Pardy 0 0 0 1 0 1 1 0 1 0 0/0 18:28 1:08 6:18
Anthony Stewart 0 0 0 0 0 0 1 0 0 0 0/1 9:39 0:51 1:30
Brad Richardson 0 0 0 -1 0 2 1 0 0 0 0/0 10:03 0:50 0:00
Brandon Bollig 0 0 0 0 0 0 1 0 0 0 0/0 7:24 0:00 0:00
Dominic Moore 0 0 0 0 0 1 2 1 0 1 3/13 13:44 0:40 5:40
Erik Christensen 0 0 0 -1 0 1 0 0 0 0 4/8 9:26 0:01 0:00
Ilya Kovalchuk 1 1 2 2 0 7 1 0 1 0 0/0 20:36 2:13 2:31
Jonathan Toews 1 0 1 0 0 2 1 0 0 0 7/16 15:49 3:16 0:22
Jordan Eberle 0 0 0 0 0 2 1 1 0 1 2/2 21:08 3:17 5:40
Kellan Lain 0 0 0 -1 0 1 1 0 0 0 0/1 11:10 0:48 1:15
Kyle Cumiskey 0 0 0 0 4 1 1 0 0 0 0/0 10:45 0:22 0:00
Matt Duchene 1 1 2 2 2 4 2 1 0 0 12/18 19:21 1:40 1:54
Ryan Whitney 0 1 1 2 0 2 0 2 1 1 0/0 27:21 1:40 6:15
Shea Weber 0 0 0 -1 2 1 0 0 0 0 0/0 21:06 3:26 2:15
Steve Downie 0 1 1 1 2 0 1 0 0 0 0/0 17:21 1:40 0:00
Ted Purcell 0 0 0 0 4 2 1 0 0 0 0/1 14:40 2:20 0:00
Tyler Cuma 0 2 2 1 2 0 3 0 1 0 0/0 24:56 2:28 3:11
3 Stars
1 - Ilya Kovalchuk (NJD)
2 - Jarome Iginla (Chi)
3 - Matt Duchene (NJD)
Power Play
Blackhawks - 5 on 8 Attempt(s) - 62.50%
Devils - 1 on 3 Attempt(s) - 33.33%
Penalty Kill
Blackhawks - 2 on 3 Attempt(s) - 66.67%
- Score 0 goal in Penalty Kill
Devils - 3 on 8 Attempt(s) - 37.50%
- Score 1 goal in Penalty Kill
Team Stat
Blackhawks - Hits : 23 - Faceoff Wins : 32 - Blocked Shots : 15 - Penalty Minutes : 6
Devils - Hits : 20 - Faceoff Wins : 28 - Blocked Shots : 5 - Penalty Minutes : 16
Official
Referees : L'Ecuyer Frederick and Dwyer Gord
Linesman : Steve Barton and Brad Lazarowich
Game Notes
Cam Ward enters game at 14:55 of 2nd period
Finance
Level 1 -- Attendance: 5624 (93.73%) -- Ticket Income $506,160
Level 2 -- Attendance: 4845 (96.90%) -- Ticket Income $276,165
Level 3 -- Attendance: 1944 (97.20%) -- Ticket Income $64,152
Level 4 -- Attendance: 3814 (95.35%) -- Ticket Income $95,350
Luxury Box -- Attendance: 1000 (100.00%) -- Ticket Income $155,000
Game was played at the The prudential Center.
Total Attendance: 17227 (95.71%)
Total Ticket Income: $1,096,827
Other Income: $164,524
Total Income: $1,261,351
Blackhawks
5 vs 5 Forward
Center Left Wing Right Wing Time % Phy DF OF
1 Peter Regin Antoine Roussel Patrick Kane 40 1 2 2
2 Ryan Johansen Tomas Fleischmann Jarome Iginla 30 1 2 2
3 Kyle Brodziak Taylor Pyatt Chad Larose 20 1 2 2
4 Artur Gavrus Jaden Schwartz Tyler Kennedy 10 1 2 2
5 vs 5 Defense
Defense Defense Time % Phy DF OF
1 Mike Green Joni Pitkanen 40 1 2 2
2 Denis Grebeshkov Ladislav Smid 30 1 2 2
3 Dave Tanabe Dalton Prout 20 1 2 2
4 Mike Green Joni Pitkanen 10 1 2 2
PowerPlay Forward
Center Left Wing Right Wing Time % Phy DF OF
1 Peter Regin Antoine Roussel Patrick Kane 60 1 2 2
2 Ryan Johansen Tomas Fleischmann Jarome Iginla 40 1 2 2
PowerPlay Defense
Defense Defense Time % Phy DF OF
1 Mike Green Joni Pitkanen 60 1 2 2
2 Denis Grebeshkov Ladislav Smid 40 1 2 2
Penalty Kill 4 Players Forward
Center Wing Time % Phy DF OF
1 Patrick Kane Jarome Iginla 60 1 2 2
2 Antoine Roussel Peter Regin 40 1 2 2
Penalty Kill 4 Players Defense
Defense Defense Time % Phy DF OF
1 Mike Green Joni Pitkanen 60 1 2 2
2 Denis Grebeshkov Ladislav Smid 40 1 2 2
Penalty Kill - 3 Players Forward
Forward Time % Phy DF OF
1 Patrick Kane 60 1 2 2
2 Jarome Iginla 40 1 2 2
Penalty Kill - 3 Players Defense
Defense Defense Time % Phy DF OF
1 Mike Green Joni Pitkanen 60 1 2 2
2 Denis Grebeshkov Ladislav Smid 40 1 2 2
4 vs 4 Forward
Center Wing Time % Phy DF OF
1 Patrick Kane Jarome Iginla 60 1 2 2
2 Antoine Roussel Peter Regin 40 1 2 2
4 vs 4 Defense
Defense Defense Time % Phy DF OF
1 Mike Green Joni Pitkanen 60 1 2 2
2 Denis Grebeshkov Ladislav Smid 40 1 2 2
Last Minutes Offensive
Center Left Wing Right Wing Defense Defense
Peter Regin Antoine Roussel Patrick Kane Mike Green Joni Pitkanen
Last Minutes Defensive
Center Left Wing Right Wing Defense Defense
Peter Regin Antoine Roussel Patrick Kane Mike Green Joni Pitkanen
Goaltenders
Starting : Jimmy Howard
Backup : Al Montoya
Extra Forwards
Normal : Chad Larose, Taylor Pyatt, Tyler Kennedy - PP : Chad Larose, Taylor Pyatt - PK : Tyler Kennedy
Extra Defensemen
Normal : Dave Tanabe, Dalton Prout, Denis Grebeshkov - PP : Dave Tanabe - PK : Dalton Prout, Denis Grebeshkov
Penalty Shots
Patrick Kane, Jarome Iginla, Antoine Roussel, Peter Regin, Tomas Fleischmann
Scratches
Derick Brassard (Suspend)
Devils
5 vs 5 Forward
Center Left Wing Right Wing Time % Phy DF OF
1 Matt Duchene Ilya Kovalchuk Steve Downie 40 0 2 3
2 Jonathan Toews Ted Purcell Jordan Eberle 30 0 2 3
3 Erik Christensen Kellan Lain Brad Richardson 20 1 2 2
4 Dominic Moore Brandon Bollig Anthony Stewart 10 1 2 2
5 vs 5 Defense
Defense Defense Time % Phy DF OF
1 Ryan Whitney Tyler Cuma 40 1 2 2
2 Shea Weber Adam Larsson 30 1 2 2
3 Kyle Cumiskey Adam Pardy 20 1 2 2
4 Adam Pardy Shea Weber 10 1 2 2
PowerPlay Forward
Center Left Wing Right Wing Time % Phy DF OF
1 Jonathan Toews Ilya Kovalchuk Jordan Eberle 60 0 1 4
2 Matt Duchene Ted Purcell Steve Downie 40 0 1 4
PowerPlay Defense
Defense Defense Time % Phy DF OF
1 Shea Weber Tyler Cuma 60 1 2 2
2 Ryan Whitney Adam Larsson 40 1 2 2
Penalty Kill 4 Players Forward
Center Wing Time % Phy DF OF
1 Dominic Moore Jordan Eberle 60 1 2 2
2 Matt Duchene Ilya Kovalchuk 40 1 2 2
Penalty Kill 4 Players Defense
Defense Defense Time % Phy DF OF
1 Ryan Whitney Adam Pardy 60 1 2 2
2 Shea Weber Tyler Cuma 40 1 2 2
Penalty Kill - 3 Players Forward
Forward Time % Phy DF OF
1 Ilya Kovalchuk 60 1 2 2
2 Jordan Eberle 40 1 2 2
Penalty Kill - 3 Players Defense
Defense Defense Time % Phy DF OF
1 Shea Weber Adam Pardy 60 1 2 2
2 Ryan Whitney Tyler Cuma 40 1 2 2
4 vs 4 Forward
Center Wing Time % Phy DF OF
1 Dominic Moore Jordan Eberle 60 1 2 2
2 Matt Duchene Ilya Kovalchuk 40 1 2 2
4 vs 4 Defense
Defense Defense Time % Phy DF OF
1 Shea Weber Kyle Cumiskey 60 1 2 2
2 Ryan Whitney Tyler Cuma 40 1 2 2
Last Minutes Offensive
Center Left Wing Right Wing Defense Defense
Matt Duchene Ilya Kovalchuk Jordan Eberle Shea Weber Tyler Cuma
Last Minutes Defensive
Center Left Wing Right Wing Defense Defense
Matt Duchene Ilya Kovalchuk Jordan Eberle Shea Weber Adam Pardy
Goaltenders
Starting : James Reimer
Backup : Cam Ward
Extra Forwards
Normal : Brad Richardson, Kellan Lain, Anthony Stewart - PP : Brad Richardson, Kellan Lain - PK : Anthony Stewart
Extra Defensemen
Normal : Adam Larsson, Tyler Cuma, Ryan Whitney - PP : Adam Larsson - PK : Tyler Cuma, Ryan Whitney
Penalty Shots
Ilya Kovalchuk, Jordan Eberle, Matt Duchene, Jonathan Toews, Ted Purcell
Scratches
Mike Komisarek (Suspend), Steve Ott (Healthy)
% Time on Ice - Blackhawks
Lines # - Real PCT - Wanted PCT - Time Play
Normal Forward
1 - 37% - 40% - 16:32
2 - 24% - 30% - 10:43
3 - 24% - 20% - 10:32
4 - 15% - 10% - 6:55
Normal Defense
1 - 39% - 40% - 17:37
2 - 34% - 30% - 15:20
3 - 24% - 20% - 10:48
4 - 2% - 10% - 0:57
PP Forward
1 - 55% - 60% - 5:12
2 - 45% - 40% - 4:14
PP Defense
1 - 65% - 60% - 6:10
2 - 35% - 40% - 3:16
PK Forward
1 - 84% - 60% - 4:54
2 - 16% - 40% - 0:58
PK Defense
1 - 72% - 60% - 4:14
2 - 28% - 40% - 1:38
PK3 Forward
1 - 0% - 60%
2 - 0% - 40%
PK3 Defense
1 - 0% - 60%
2 - 0% - 40%
44 Forward
1 - 0% - 60%
2 - 0% - 40%
44 Defense
1 - 0% - 60%
2 - 0% - 40%
Last Minute Offensive - 0:00
Last Minute Defensive - 0:00
Total
Forward - 60:00
Defense - 60:00
|
% Time on Ice - Devils
Lines # - Real PCT - Wanted PCT - Time Play
Normal Forward
1 - 35% - 40% - 15:44
2 - 28% - 30% - 12:19
3 - 21% - 20% - 9:15
4 - 17% - 10% - 7:24
Normal Defense
1 - 42% - 40% - 18:56
2 - 32% - 30% - 14:25
3 - 20% - 20% - 9:08
4 - 5% - 10% - 2:13
PP Forward
1 - 68% - 60% - 4:00
2 - 32% - 40% - 1:52
PP Defense
1 - 65% - 60% - 3:48
2 - 35% - 40% - 2:04
PK Forward
1 - 73% - 60% - 6:55
2 - 27% - 40% - 2:31
PK Defense
1 - 66% - 60% - 6:15
2 - 34% - 40% - 3:11
PK3 Forward
1 - 0% - 60%
2 - 0% - 40%
PK3 Defense
1 - 0% - 60%
2 - 0% - 40%
44 Forward
1 - 0% - 60%
2 - 0% - 40%
44 Defense
1 - 0% - 60%
2 - 0% - 40%
Last Minute Offensive - 0:00
Last Minute Defensive - 0:00
Total
Forward - 60:00
Defense - 60:00
|
Play by Play
1st period
0:01 of 1st period - Matt Duchene wins face-off versus Peter Regin in neutral zone.
0:27 of 1st period - Ted Purcell is hit by Ryan Johansen and loses puck.
0:34 of 1st period - Joni Pitkanen is hit by Ted Purcell and loses puck.
0:51 of 1st period - Backhand shot by Joni Pitkanen.
0:51 of 1st period - Stopped by James Reimer without a rebound.
0:52 of 1st period - Chad Larose wins face-off versus Dominic Moore in Devils zone.
1:13 of 1st period - Slapshot by Taylor Pyatt.
1:13 of 1st period - Shot Misses the Net.
1:15 of 1st period - Snap shot by Chad Larose.
1:15 of 1st period - Stopped by James Reimer with a rebound.
1:17 of 1st period - Slapshot by Dave Tanabe.
1:17 of 1st period - Shot Misses the Net.
1:37 of 1st period - Snap shot by Taylor Pyatt.
1:37 of 1st period - Shot Misses the Net.
1:45 of 1st period - Mike Green is hit by Dominic Moore and loses puck.
1:54 of 1st period - Anthony Stewart is hit by Taylor Pyatt and loses puck.
2:09 of 1st period - Snap shot by Anthony Stewart.
2:09 of 1st period - Shot Misses the Net.
2:33 of 1st period - Wrist shot by Dominic Moore.
2:33 of 1st period - Deflect By Brandon Bollig.
2:33 of 1st period - Shot Misses the Net.
2:33 of 1st period - Puck is out of play.
2:34 of 1st period - Matt Duchene wins face-off versus Peter Regin in Blackhawks zone.
2:35 of 1st period - Snap shot by Steve Downie.
2:35 of 1st period - Shot Blocked by Denis Grebeshkov.
2:45 of 1st period - Wrist shot by Steve Downie.
2:45 of 1st period - Shot Blocked by Antoine Roussel.
2:57 of 1st period - Denis Grebeshkov is hit by Ilya Kovalchuk.
3:03 of 1st period - Tyler Cuma is hit by Patrick Kane and loses puck.
3:58 of 1st period - Matt Duchene is hit by Antoine Roussel.
4:20 of 1st period - Wrist shot by Steve Downie.
4:20 of 1st period - Shot Misses the Net.
4:34 of 1st period - Snap shot by Matt Duchene.
4:34 of 1st period - Stopped by Jimmy Howard with a rebound.
4:50 of 1st period - Denis Grebeshkov is hit by Tyler Cuma.
4:56 of 1st period - Slapshot by Antoine Roussel.
4:56 of 1st period - Shot Misses the Net.
5:14 of 1st period - Wrist shot by Matt Duchene.
5:14 of 1st period - Goal by Matt Duchene - Blackhawks : 0 - Devils : 1.
5:15 of 1st period - Ryan Johansen wins face-off versus Jonathan Toews in neutral zone.
5:17 of 1st period - Minor Penalty to Mike Green for Roughing.
5:18 of 1st period - Tyler Kennedy wins face-off versus Jonathan Toews in Blackhawks zone.
7:17 of 1st period - Penalty to Mike Green is over, Mike Green is back on ice.
9:46 of 1st period - Brad Richardson is hit by Tomas Fleischmann and loses puck.
10:53 of 1st period - Ladislav Smid is hit by Anthony Stewart and loses puck.
11:51 of 1st period - Tyler Cuma is hit by Patrick Kane.
12:08 of 1st period - Ryan Whitney is hit by Ryan Johansen and loses puck.
12:39 of 1st period - Jonathan Toews is hit by Antoine Roussel and loses puck.
13:27 of 1st period - Patrick Kane is hit by Tyler Cuma.
13:54 of 1st period - Ted Purcell is hit by Dalton Prout and loses puck.
14:07 of 1st period - Slapshot by Patrick Kane.
14:07 of 1st period - Stopped by James Reimer without a rebound.
14:08 of 1st period - Matt Duchene wins face-off versus Peter Regin in Devils zone.
14:18 of 1st period - Patrick Kane is hit by Steve Downie and loses puck.
14:56 of 1st period - Slapshot by Shea Weber.
14:56 of 1st period - Shot Misses the Net.
14:58 of 1st period - Snap shot by Kellan Lain.
14:58 of 1st period - Deflect By Brad Richardson.
14:58 of 1st period - Stopped by Jimmy Howard with a rebound.
15:00 of 1st period - Wrist shot by Brad Richardson.
15:00 of 1st period - Shot Misses the Net.
15:02 of 1st period - Snap shot by Kellan Lain.
15:02 of 1st period - Shot Misses the Net.
15:08 of 1st period - Wrist shot by Brad Richardson.
15:08 of 1st period - Stopped by Jimmy Howard without a rebound.
15:09 of 1st period - Ryan Johansen wins face-off versus Ted Purcell in Blackhawks zone.
15:23 of 1st period - Minor Penalty to Kyle Cumiskey for Tripping.
15:24 of 1st period - Peter Regin wins face-off versus Dominic Moore in Devils zone.
15:40 of 1st period - Snap shot by Antoine Roussel.
15:40 of 1st period - Deflect By Peter Regin.
15:40 of 1st period - Stopped by James Reimer with a rebound.
16:18 of 1st period - Slapshot by Joni Pitkanen.
16:18 of 1st period - Shot Blocked by Matt Duchene.
16:32 of 1st period - Ladislav Smid is hit by Kellan Lain and loses puck.
17:23 of 1st period - Penalty to Kyle Cumiskey is over, Kyle Cumiskey is back on ice.
17:29 of 1st period - Snap shot by Matt Duchene.
17:29 of 1st period - Shot Blocked by Chad Larose.
17:50 of 1st period - Brad Richardson is hit by Jaden Schwartz and loses puck.
18:27 of 1st period - Slapshot by Dominic Moore.
18:27 of 1st period - Shot Blocked by Dalton Prout.
18:29 of 1st period - Snap shot by Anthony Stewart.
18:29 of 1st period - Shot Misses the Net.
18:45 of 1st period - Tyler Cuma is hit by Chad Larose and loses puck.
19:34 of 1st period - Ladislav Smid is hit by Dominic Moore and loses puck.
19:43 of 1st period - Kyle Brodziak is hit by Brandon Bollig and loses puck.
19:50 of 1st period - Brandon Bollig is hit by Joni Pitkanen and loses puck.
Goals for this period are 0 for Blackhawks vs 1 for Devils.
Shots for this period are 4 for Blackhawks vs 4 for Devils.
2nd period
0:01 of 2nd period - Jonathan Toews wins face-off versus Ryan Johansen in neutral zone.
0:26 of 2nd period - Joni Pitkanen is hit by Adam Larsson and loses puck.
0:46 of 2nd period - Off-side.
0:47 of 2nd period - Jaden Schwartz wins face-off versus Erik Christensen in neutral zone.
0:50 of 2nd period - Snap shot by Jaden Schwartz.
0:50 of 2nd period - Shot Misses the Net.
1:03 of 2nd period - Slapshot by Adam Pardy.
1:03 of 2nd period - Shot Misses the Net.
1:13 of 2nd period - Adam Pardy is hit by Jarome Iginla and loses puck.
1:22 of 2nd period - Snap shot by Jonathan Toews.
1:22 of 2nd period - Shot Misses the Net.
1:46 of 2nd period - Slapshot by Matt Duchene.
1:46 of 2nd period - Shot Blocked by Antoine Roussel.
1:52 of 2nd period - Snap shot by Matt Duchene.
1:52 of 2nd period - Shot Misses the Net.
2:10 of 2nd period - Snap shot by Tyler Cuma.
2:10 of 2nd period - Shot Blocked by Denis Grebeshkov.
2:12 of 2nd period - Snap shot by Ryan Whitney.
2:12 of 2nd period - Stopped by Jimmy Howard without a rebound.
2:13 of 2nd period - Jonathan Toews wins face-off versus Ryan Johansen in Blackhawks zone.
2:14 of 2nd period - Wrist shot by Jordan Eberle.
2:14 of 2nd period - Shot Misses the Net.
2:16 of 2nd period - Snap shot by Jordan Eberle.
2:16 of 2nd period - Stopped by Jimmy Howard without a rebound.
2:17 of 2nd period - Jonathan Toews wins face-off versus Ryan Johansen in Blackhawks zone.
3:08 of 2nd period - Icing by Antoine Roussel.
3:09 of 2nd period - Matt Duchene wins face-off versus Peter Regin in Blackhawks zone.
3:10 of 2nd period - Snap shot by Ilya Kovalchuk.
3:10 of 2nd period - Shot Misses the Net.
3:46 of 2nd period - Icing by Dalton Prout.
3:47 of 2nd period - Jonathan Toews wins face-off versus Peter Regin in Blackhawks zone.
3:59 of 2nd period - Minor Penalty to Kyle Cumiskey for Holding.
4:00 of 2nd period - Ryan Johansen wins face-off versus Dominic Moore in Devils zone.
4:00 of 2nd period - Snap shot by Jarome Iginla.
4:00 of 2nd period - Goal by Jarome Iginla - Blackhawks : 1 - Devils : 1.
4:01 of 2nd period - Matt Duchene wins face-off versus Ryan Johansen in neutral zone.
4:15 of 2nd period - Off-side.
4:16 of 2nd period - Jonathan Toews wins face-off versus Peter Regin in neutral zone.
4:23 of 2nd period - Snap shot by Ted Purcell.
4:23 of 2nd period - Stopped by Jimmy Howard with a rebound.
5:45 of 2nd period - Slapshot by Patrick Kane.
5:45 of 2nd period - Stopped by James Reimer without a rebound.
5:46 of 2nd period - Jonathan Toews wins face-off versus Peter Regin in Devils zone.
6:52 of 2nd period - Snap shot by Ted Purcell.
6:52 of 2nd period - Shot Misses the Net.
7:04 of 2nd period - Wrist shot by Jordan Eberle.
7:04 of 2nd period - Shot Misses the Net.
7:06 of 2nd period - Slapshot by Ryan Whitney.
7:06 of 2nd period - Stopped by Jimmy Howard with a rebound.
7:08 of 2nd period - Slapshot by Jordan Eberle.
7:08 of 2nd period - Stopped by Jimmy Howard with a rebound.
7:10 of 2nd period - Wrist shot by Jonathan Toews.
7:10 of 2nd period - Stopped by Jimmy Howard with a rebound.
7:12 of 2nd period - Slapshot by Ryan Whitney.
7:12 of 2nd period - Deflect By Ted Purcell.
7:12 of 2nd period - Stopped by Jimmy Howard without a rebound.
7:13 of 2nd period - Matt Duchene wins face-off versus Ryan Johansen in Blackhawks zone.
7:14 of 2nd period - Snap shot by Ilya Kovalchuk.
7:14 of 2nd period - Stopped by Jimmy Howard without a rebound.
7:15 of 2nd period - Matt Duchene wins face-off versus Jarome Iginla in Blackhawks zone.
7:58 of 2nd period - Icing by Brad Richardson.
7:59 of 2nd period - Artur Gavrus wins face-off versus Dominic Moore in Devils zone.
8:04 of 2nd period - Wrist shot by Tyler Kennedy.
8:04 of 2nd period - Stopped by James Reimer with a rebound.
8:12 of 2nd period - Wrist shot by Brandon Bollig.
8:12 of 2nd period - Shot Blocked by Jaden Schwartz.
8:14 of 2nd period - Snap shot by Brandon Bollig.
8:14 of 2nd period - Shot Blocked by Denis Grebeshkov.
8:40 of 2nd period - Minor Penalty to Matt Duchene for Tripping.
8:41 of 2nd period - Dominic Moore wins face-off versus Peter Regin in Devils zone.
10:37 of 2nd period - Wrist shot by Jarome Iginla.
10:37 of 2nd period - Goal by Jarome Iginla - Blackhawks : 2 - Devils : 1.
10:38 of 2nd period - Kyle Brodziak wins face-off versus Matt Duchene in neutral zone.
10:41 of 2nd period - Slapshot by Denis Grebeshkov.
10:41 of 2nd period - Deflect By Taylor Pyatt.
10:41 of 2nd period - Stopped by James Reimer with a rebound.
11:03 of 2nd period - Jonathan Toews is hit by Ladislav Smid and loses puck.
11:53 of 2nd period - Slapshot by Ilya Kovalchuk.
11:53 of 2nd period - Stopped by Jimmy Howard without a rebound.
11:54 of 2nd period - Peter Regin wins face-off versus Matt Duchene in Blackhawks zone.
11:54 of 2nd period - Peter Regin is hit by Tyler Cuma.
12:16 of 2nd period - Slapshot by Antoine Roussel.
12:16 of 2nd period - Stopped by James Reimer with a rebound.
12:29 of 2nd period - Slapshot by Antoine Roussel.
12:29 of 2nd period - Deflect By Patrick Kane.
12:29 of 2nd period - Shot Misses the Net.
12:29 of 2nd period - Puck is out of play.
12:30 of 2nd period - Erik Christensen wins face-off versus Ryan Johansen in Devils zone.
12:30 of 2nd period - Erik Christensen is hit by Joni Pitkanen.
12:38 of 2nd period - Snap shot by Erik Christensen.
12:38 of 2nd period - Stopped by Jimmy Howard without a rebound.
12:39 of 2nd period - Erik Christensen wins face-off versus Ryan Johansen in Blackhawks zone.
12:58 of 2nd period - Slapshot by Ryan Johansen.
12:58 of 2nd period - Stopped by James Reimer without a rebound.
12:59 of 2nd period - Peter Regin wins face-off versus Matt Duchene in Devils zone.
13:00 of 2nd period - Snap shot by Patrick Kane.
13:00 of 2nd period - Stopped by James Reimer without a rebound.
13:01 of 2nd period - Matt Duchene wins face-off versus Peter Regin in Devils zone.
13:03 of 2nd period - Minor Penalty to Steve Downie for Interference.
13:04 of 2nd period - Peter Regin wins face-off versus Dominic Moore in Devils zone.
13:06 of 2nd period - Slapshot by Mike Green.
13:06 of 2nd period - Shot Blocked by Ryan Whitney.
13:08 of 2nd period - Backhand shot by Joni Pitkanen.
13:08 of 2nd period - Stopped by James Reimer with a rebound.
13:10 of 2nd period - Snap shot by Peter Regin.
13:10 of 2nd period - Shot Blocked by Ryan Whitney.
13:12 of 2nd period - Slapshot by Peter Regin.
13:12 of 2nd period - Goal by Peter Regin - Blackhawks : 3 - Devils : 1.
13:13 of 2nd period - Matt Duchene wins face-off versus Ryan Johansen in neutral zone.
13:20 of 2nd period - Snap shot by Ilya Kovalchuk.
13:20 of 2nd period - Stopped by Jimmy Howard with a rebound.
13:38 of 2nd period - Peter Regin is hit by Jonathan Toews and loses puck.
13:49 of 2nd period - Snap shot by Patrick Kane.
13:49 of 2nd period - Shot Misses the Net.
14:21 of 2nd period - Snap shot by Tomas Fleischmann.
14:21 of 2nd period - Stopped by James Reimer with a rebound.
14:23 of 2nd period - Backhand shot by Denis Grebeshkov.
14:23 of 2nd period - Deflect By Jarome Iginla.
14:23 of 2nd period - Stopped by James Reimer without a rebound.
14:24 of 2nd period - Ryan Johansen wins face-off versus Matt Duchene in Devils zone.
14:55 of 2nd period - Snap shot by Chad Larose.
14:55 of 2nd period - Goal by Chad Larose - Blackhawks : 4 - Devils : 1.
14:55 of 2nd period - Cam Ward enters game.
14:56 of 2nd period - Matt Duchene wins face-off versus Peter Regin in neutral zone.
14:58 of 2nd period - Minor Penalty to Shea Weber for Tripping.
14:59 of 2nd period - Peter Regin wins face-off versus Dominic Moore in Devils zone.
14:59 of 2nd period - Snap shot by Patrick Kane.
14:59 of 2nd period - Deflect By Peter Regin.
14:59 of 2nd period - Shot Misses the Net.
14:59 of 2nd period - Puck is out of play.
15:00 of 2nd period - Peter Regin wins face-off versus Dominic Moore in Devils zone.
15:11 of 2nd period - Wrist shot by Patrick Kane.
15:11 of 2nd period - Shot Blocked by Jordan Eberle.
15:13 of 2nd period - Snap shot by Mike Green.
15:13 of 2nd period - Stopped by Cam Ward with a rebound.
16:58 of 2nd period - Penalty to Shea Weber is over, Shea Weber is back on ice.
17:06 of 2nd period - Chad Larose is hit by Kyle Cumiskey and loses puck.
17:26 of 2nd period - Mike Green is hit by Matt Duchene and loses puck.
18:00 of 2nd period - Off-side.
18:01 of 2nd period - Artur Gavrus wins face-off versus Anthony Stewart in neutral zone.
18:28 of 2nd period - Steve Downie is hit by Antoine Roussel and loses puck.
18:44 of 2nd period - Matt Duchene is hit by Peter Regin and loses puck.
19:26 of 2nd period - Icing by Dave Tanabe.
19:27 of 2nd period - Jonathan Toews wins face-off versus Peter Regin in Blackhawks zone.
19:36 of 2nd period - Wrist shot by Ted Purcell.
19:36 of 2nd period - Deflect By Jordan Eberle.
19:36 of 2nd period - Shot Blocked by Dalton Prout.
19:36 of 2nd period - Puck is out of play.
19:37 of 2nd period - Ryan Johansen wins face-off versus Jonathan Toews in Blackhawks zone.
19:39 of 2nd period - Minor Penalty to Ted Purcell for Hooking.
19:40 of 2nd period - Jordan Eberle wins face-off versus Ryan Johansen in Devils zone.
Goals for this period are 4 for Blackhawks vs 0 for Devils.
Shots for this period are 14 for Blackhawks vs 11 for Devils.
3rd period
0:01 of 3rd period - Dominic Moore wins face-off versus Peter Regin in neutral zone.
0:32 of 3rd period - Slapshot by Matt Duchene.
0:32 of 3rd period - Shot Blocked by Joni Pitkanen.
0:34 of 3rd period - Snap shot by Ilya Kovalchuk.
0:34 of 3rd period - Shot Misses the Net.
0:36 of 3rd period - Wrist shot by Ryan Whitney.
0:36 of 3rd period - Shot Misses the Net.
0:38 of 3rd period - Slapshot by Ilya Kovalchuk.
0:38 of 3rd period - Goal by Ilya Kovalchuk - Blackhawks : 4 - Devils : 2.
0:39 of 3rd period - Peter Regin wins face-off versus Dominic Moore in neutral zone.
0:42 of 3rd period - Slapshot by Mike Green.
0:42 of 3rd period - Stopped by Cam Ward with a rebound.
1:39 of 3rd period - Penalty to Ted Purcell is over, Ted Purcell is back on ice.
1:47 of 3rd period - Tyler Cuma is hit by Taylor Pyatt and loses puck.
1:52 of 3rd period - Backhand shot by Taylor Pyatt.
1:52 of 3rd period - Shot Misses the Net.
1:55 of 3rd period - Icing by Tyler Cuma.
1:56 of 3rd period - Ryan Johansen wins face-off versus Erik Christensen in Devils zone.
1:59 of 3rd period - Slapshot by Ryan Johansen.
1:59 of 3rd period - Stopped by Cam Ward without a rebound.
2:00 of 3rd period - Matt Duchene wins face-off versus Ryan Johansen in Devils zone.
2:39 of 3rd period - Ladislav Smid is hit by Matt Duchene and loses puck.
2:57 of 3rd period - Slapshot by Ilya Kovalchuk.
2:57 of 3rd period - Shot Misses the Net.
2:59 of 3rd period - Snap shot by Matt Duchene.
2:59 of 3rd period - Stopped by Jimmy Howard with a rebound.
3:03 of 3rd period - Slapshot by Ilya Kovalchuk.
3:03 of 3rd period - Stopped by Jimmy Howard without a rebound.
3:04 of 3rd period - Ryan Johansen wins face-off versus Jonathan Toews in Blackhawks zone.
3:33 of 3rd period - Slapshot by Peter Regin.
3:33 of 3rd period - Stopped by Cam Ward with a rebound.
3:55 of 3rd period - Tyler Cuma is hit by Dalton Prout and loses puck.
4:04 of 3rd period - Dominic Moore is hit by Denis Grebeshkov and loses puck.
4:29 of 3rd period - Ryan Whitney is hit by Artur Gavrus and loses puck.
5:52 of 3rd period - Snap shot by Matt Duchene.
5:52 of 3rd period - Stopped by Jimmy Howard with a rebound.
5:54 of 3rd period - Wrist shot by Ilya Kovalchuk.
5:54 of 3rd period - Shot Misses the Net.
5:56 of 3rd period - Wrist shot by Kyle Cumiskey.
5:56 of 3rd period - Stopped by Jimmy Howard with a rebound.
5:58 of 3rd period - Slapshot by Adam Pardy.
5:58 of 3rd period - Stopped by Jimmy Howard without a rebound.
5:59 of 3rd period - Ryan Johansen wins face-off versus Jonathan Toews in Blackhawks zone.
6:40 of 3rd period - Wrist shot by Ilya Kovalchuk.
6:40 of 3rd period - Stopped by Jimmy Howard with a rebound.
6:42 of 3rd period - Snap shot by Adam Larsson.
6:42 of 3rd period - Shot Blocked by Taylor Pyatt.
6:44 of 3rd period - Slapshot by Adam Larsson.
6:44 of 3rd period - Shot Misses the Net.
6:54 of 3rd period - Dave Tanabe is hit by Brad Richardson and loses puck.
7:12 of 3rd period - Icing by Dave Tanabe.
7:13 of 3rd period - Ryan Johansen wins face-off versus Jonathan Toews in Blackhawks zone.
7:13 of 3rd period - Ryan Johansen is hit by Jordan Eberle.
7:38 of 3rd period - Peter Regin is hit by Adam Pardy and loses puck.
9:16 of 3rd period - Minor Penalty to Tyler Cuma for Hooking.
9:17 of 3rd period - Dominic Moore wins face-off versus Peter Regin in Devils zone.
9:28 of 3rd period - Snap shot by Dominic Moore.
9:28 of 3rd period - Stopped by Jimmy Howard with a rebound.
9:42 of 3rd period - Ryan Whitney is hit by Denis Grebeshkov and loses puck.
9:47 of 3rd period - Snap shot by Ryan Johansen.
9:47 of 3rd period - Shot Misses the Net.
9:49 of 3rd period - Wrist shot by Tomas Fleischmann.
9:49 of 3rd period - Stopped by Cam Ward with a rebound.
9:51 of 3rd period - Snap shot by Tomas Fleischmann.
9:51 of 3rd period - Goal by Tomas Fleischmann - Blackhawks : 5 - Devils : 2.
9:52 of 3rd period - Peter Regin wins face-off versus Matt Duchene in neutral zone.
9:57 of 3rd period - Snap shot by Peter Regin.
9:57 of 3rd period - Stopped by Cam Ward with a rebound.
10:41 of 3rd period - Slapshot by Joni Pitkanen.
10:41 of 3rd period - Stopped by Cam Ward without a rebound.
10:42 of 3rd period - Kyle Brodziak wins face-off versus Erik Christensen in Devils zone.
11:09 of 3rd period - Wrist shot by Matt Duchene.
11:09 of 3rd period - Shot Misses the Net.
11:11 of 3rd period - Snap shot by Ilya Kovalchuk.
11:11 of 3rd period - Shot Blocked by Peter Regin.
11:28 of 3rd period - Minor Penalty to Ladislav Smid for Holding.
11:29 of 3rd period - Patrick Kane wins face-off versus Jonathan Toews in Blackhawks zone.
12:11 of 3rd period - Snap shot by Antoine Roussel.
12:11 of 3rd period - Stopped by Cam Ward with a rebound.
13:28 of 3rd period - Penalty to Ladislav Smid is over, Ladislav Smid is back on ice.
13:55 of 3rd period - Wrist shot by Patrick Kane.
13:55 of 3rd period - Stopped by Cam Ward with a rebound.
14:17 of 3rd period - Snap shot by Jaden Schwartz.
14:17 of 3rd period - Stopped by Cam Ward without a rebound.
14:18 of 3rd period - Erik Christensen wins face-off versus Artur Gavrus in Devils zone.
14:27 of 3rd period - Wrist shot by Erik Christensen.
14:27 of 3rd period - Shot Blocked by Mike Green.
14:44 of 3rd period - Minor Penalty to Joni Pitkanen for Tripping.
14:45 of 3rd period - Patrick Kane wins face-off versus Jonathan Toews in Blackhawks zone.
15:43 of 3rd period - Denis Grebeshkov is hit by Adam Larsson and loses puck.
16:18 of 3rd period - Icing by Ted Purcell.
16:19 of 3rd period - Tyler Kennedy wins face-off versus Matt Duchene in Devils zone.
16:20 of 3rd period - Snap shot by Jaden Schwartz.
16:20 of 3rd period - Stopped by Cam Ward without a rebound.
16:21 of 3rd period - Patrick Kane wins face-off versus Jonathan Toews in Devils zone.
16:34 of 3rd period - Slapshot by Ilya Kovalchuk.
16:34 of 3rd period - Stopped by Jimmy Howard with a rebound.
16:36 of 3rd period - Snap shot by Tyler Cuma.
16:36 of 3rd period - Shot Misses the Net.
16:38 of 3rd period - Wrist shot by Jonathan Toews.
16:38 of 3rd period - Goal by Jonathan Toews - Blackhawks : 5 - Devils : 3.
16:39 of 3rd period - Kyle Brodziak wins face-off versus Erik Christensen in neutral zone.
16:42 of 3rd period - Backhand shot by Mike Green.
16:42 of 3rd period - Stopped by Cam Ward without a rebound.
16:43 of 3rd period - Erik Christensen wins face-off versus Kyle Brodziak in Devils zone.
16:52 of 3rd period - Slapshot by Tyler Cuma.
16:52 of 3rd period - Shot Blocked by Mike Green.
16:54 of 3rd period - Slapshot by Brad Richardson.
16:54 of 3rd period - Shot Hit the Post.
16:56 of 3rd period - Wrist shot by Kellan Lain.
16:56 of 3rd period - Stopped by Jimmy Howard without a rebound.
16:57 of 3rd period - Peter Regin wins face-off versus Kellan Lain in Blackhawks zone.
18:01 of 3rd period - Minor Penalty to Ted Purcell for Hooking.
18:02 of 3rd period - Peter Regin wins face-off versus Dominic Moore in Devils zone.
18:29 of 3rd period - Jordan Eberle is hit by Jarome Iginla and loses puck.
18:38 of 3rd period - Snap shot by Tomas Fleischmann.
18:38 of 3rd period - Stopped by Cam Ward without a rebound.
18:39 of 3rd period - Patrick Kane wins face-off versus Dominic Moore in Devils zone.
18:40 of 3rd period - Snap shot by Peter Regin.
18:40 of 3rd period - Shot Hit the Post.
18:42 of 3rd period - Slapshot by Ladislav Smid.
18:42 of 3rd period - Shot Misses the Net.
18:44 of 3rd period - Snap shot by Patrick Kane.
18:44 of 3rd period - Shot Blocked by Dominic Moore.
18:46 of 3rd period - Snap shot by Denis Grebeshkov.
18:46 of 3rd period - Shot Misses the Net.
18:48 of 3rd period - Slapshot by Ladislav Smid.
18:48 of 3rd period - Deflect By Shea Weber.
18:48 of 3rd period - Goal by Ladislav Smid - Blackhawks : 6 - Devils : 3.
18:49 of 3rd period - Matt Duchene wins face-off versus Peter Regin in neutral zone.
19:23 of 3rd period - Wrist shot by Jordan Eberle.
19:23 of 3rd period - Shot Misses the Net.
19:25 of 3rd period - Backhand shot by Ted Purcell.
19:25 of 3rd period - Shot Misses the Net.
19:27 of 3rd period - Slapshot by Shea Weber.
19:27 of 3rd period - Stopped by Jimmy Howard without a rebound.
19:28 of 3rd period - Jordan Eberle wins face-off versus Ryan Johansen in Blackhawks zone.
19:29 of 3rd period - Snap shot by Jonathan Toews.
19:29 of 3rd period - Shot Misses the Net.
19:31 of 3rd period - Snap shot by Ted Purcell.
19:31 of 3rd period - Shot Misses the Net.
19:33 of 3rd period - Slapshot by Shea Weber.
19:33 of 3rd period - Shot Blocked by Ryan Johansen.
19:35 of 3rd period - Backhand shot by Jordan Eberle.
19:35 of 3rd period - Shot Misses the Net.
Goals for this period are 2 for Blackhawks vs 2 for Devils.
Shots for this period are 14 for Blackhawks vs 12 for Devils.
Back to the Top